 Dungeon Crawl Stone Soup version 0.29.0-4-gdea44cf6ec (webtiles) character file.

Game seed: 9429961255699232195

559 qw the Chopper (level 7, 0/43 HPs)
             Began as a Gargoyle Fighter on Sept 10, 2022.
             Slain by Edmund
             ... wielding a +4 flail of protection
              (3 damage)
             ... on level 4 of the Dungeon.
             The game lasted 00:01:26 (4571 turns).

qw the Chopper (Gargoyle Fighter)                   Turns: 4571, Time: 00:01:27

Health: 0/43       AC: 15    Str: 22      XL:     7   Next: 31%
Magic:  7/7        EV:  7    Int:  7 (8)  God:
Gold:   180        SH:  4    Dex: 11 (14) Spells: 6/6 levels left

rFire   . . .      SeeInvis +   Y - +0 broad axe
rCold   + . .      Faith    .   c - +0 buckler
rNeg    + . .      Spirit   .   r - +0 chain mail
rPois   inf        Reflect  .   (no helmet)
rElec   +          Harm     .   (no cloak)
rCorr   .          Rampage  .   i - +0 pair of gloves
Will    +....                   (no boots)
Stlth   ..........              h - amulet "Qeqoept" {Acrobat Contam Will+ Dex+5}
HPRegen 0.14/turn               a - ring of protection from cold
MPRegen 0.10/turn               o - ring of see invisible

@: no status effects
A: sickness immunity, AC +4, negative energy resistance 1, electricity
resistance, torment resistance 1, petrification resistance
a: no special abilities


You were on level 4 of the Dungeon.
You visited 2 branches of the dungeon, and saw 5 of its levels.

You collected 245 gold pieces.
You spent 65 gold pieces at shops.


Innate Abilities, Weirdness & Mutations

You are immune to sickness and miasma.
Your stone body is resilient. (AC +4)
You are immune to poison.
You resist negative energy. (rN+)
You are resistant to electric shocks. (rElec)
You are resistant to unholy torment.
You are immune to petrification.


   Skills:
 - Level 4.1 Fighting
 + Level 6.4 Axes
 - Level 1.5 Throwing
 - Level 3.2 Armour
 - Level 1.0 Dodging
 - Level 3.2 Shields


You had 6 spell levels left.
You didn't know any spells.
Your spell library was empty.

Inventory:

Hand Weapons
 q - a +4 morningstar of freezing
 Y - a +0 broad axe (weapon)
Armour
 b - a +0 plate armour
 c - a +0 buckler (worn)
 i - a +0 pair of gloves (worn)
 r - a +0 chain mail (worn)
Jewellery
 a - a ring of protection from cold (left hand)
 h - the amulet "Qeqoept" (around neck) {Acrobat Contam Will+ Dex+5}
   (You took it off a hobgoblin on level 2 of the Dungeon)

   [amulet of the acrobat]

   It increases your evasion while moving and waiting.
   Dex:       It affects your dexterity (+5).
   Contam:    It causes magical contamination when unequipped.
   Will:      It increases your willpower.
 j - a +4 ring of evasion
 o - a ring of see invisible (right hand)
Scrolls
 g - a scroll of amnesia {unknown}
 l - a scroll of brand weapon {unknown}
 m - a scroll of teleportation {unknown}
Potions
 d - 2 potions of might
 e - a potion of heal wounds {unknown}
 f - 2 potions of curing
 k - a potion of ambrosia {unknown}

Dungeon Overview and Level Annotations

Branches:
Dungeon (4/15)             Temple (1/1) D:4

Altars:
Ashenzari
Cheibriados
Dithmenos
Gozag
Hepliaklqana
Kikubaaqudgha
Makhleb
Qazlal
Ru
Sif Muna
Trog
Vehumet
Wu Jian
Zin
The Shining One

Shops:
D:2 (

Annotations:
D:4 3 runed translucent doors, Edmund; qw's ghost, novice GrFi


Message History

Edmund is lightly wounded.
You block Edmund's attack.
Edmund hits you with a +4 flail of protection!
You hit Edmund but do no damage.
Edmund is lightly wounded.
Edmund hits you with a +4 flail of protection.
A kobold comes into view.
You barely miss Edmund.
Edmund is lightly wounded.
The kobold shouts!
Edmund hits you but does no damage.
You hit Edmund.
Edmund is moderately wounded.
You block Edmund's attack. Edmund completely misses you.
You slash Edmund!
Edmund is heavily wounded.
Edmund hits you with a +4 flail of protection!
You hit Edmund but do no damage.
Edmund is heavily wounded.
Edmund hits you but does no damage.
You hit Edmund.
Edmund is heavily wounded.
Edmund hits you with a +4 flail of protection! x2
The kobold hits you but does no damage.
You hit Edmund.
Edmund is heavily wounded.
You hit the kobold.
You kill the kobold!
Edmund hits you but does no damage.
You hit Edmund but do no damage.
Edmund is heavily wounded.
Edmund hits you but does no damage.
You hit Edmund but do no damage.
Edmund is heavily wounded.
You block Edmund's attack.
Edmund hits you with a +4 flail of protection.
You closely miss Edmund.
Edmund is heavily wounded.
Edmund hits you with a +4 flail of protection.
You die...

#......# ......+ ...... #....#
#....# ....#
################@)###############
~~~~~~~~~~~~~~..@..~~~~~~~~~~~~~~
~~~~~~~~~~~~~~......~~~~~~~~~~~~~
~~~~~~~~~~~~~~.....~~~~~~~~~~~~~~
...~~.~..~~~~~~.....~~..~..~.~~~~
........................((.......
........................(........
.....%.......#...#...###%##......
#.##.....................###...##
#####....................# #.}.#


You could see Edmund.

Vanquished Creatures
  Sigmund (D:2)
  A scorpion (D:4)
  A vampire bat (D:3)
  2 hounds (D:4)
  Terence (D:2)
  An iguana (D:4)
  Natasha (D:2)
  A gnoll (D:4)
  5 adders
  2 worms (D:2)
  2 orcs
  7 ball pythons
  13 bats
  7 endoplasms
  3 giant cockroaches
  6 goblins
  7 hobgoblins
  12 jackals
  14 kobolds
  4 quokkas
  5 frilled lizards
  3 rats
99 creatures vanquished.

Vanquished Creatures (others)
  14 plants (D:1)
14 creatures vanquished.

Grand Total: 113 creatures vanquished

Notes
Turn   | Place    | Note
-------+----------+-------------------------------------------
     0 | D:1      | qw the Gargoyle Fighter began the quest for the Orb.
     0 | D:1      | Reached XP level 1. HP: 14/14 MP: 1/1
     0 | D:1      | 0 ||| qw: Version: 0.1-a-116-g5d60599
     0 | D:1      | 0 ||| qw: Game counter: 7696
     0 | D:1      | 0 ||| qw: Always use a shield: true
     0 | D:1      | 0 ||| qw: God list: Okawaru
     0 | D:1      | 0 ||| qw: Allow faded altars: false
     0 | D:1      | 0 ||| qw: Do Orc after D:15 true
     0 | D:1      | 0 ||| qw: Do second Lair branch before Depths: true
     0 | D:1      | 0 ||| qw: Lair rune preference: random
     0 | D:1      | 0 ||| qw: Plans: Normal, Zot, God:TSO, Crypt, Tomb, Zig,
                  | Orb
     0 | D:1      | 0 ||| PLANNING D:1-11
    67 | D:1      | Reached skill level 2 in Axes
    96 | D:1      | Reached XP level 2. HP: 19/19 MP: 2/2
   225 | D:1      | 225 ||| Stepping ~*~*~tactically~*~*~ (water).
   352 | D:1      | Reached skill level 3 in Axes
   581 | D:1      | Reached XP level 3. HP: 23/23 MP: 3/3
  1125 | D:1      | 1125 ||| READING scroll labelled ASESOYBRIRU.
  1126 | D:1      | 1126 ||| READING scroll labelled FAXZOM AWET.
  1127 | D:1      | 1127 ||| READING scroll labelled IZXUFI CI CAMM.
  1128 | D:1      | 1128 ||| READING scroll labelled ELLECL PIASO SIA.
  1185 | D:1      | 1185 ||| READING scroll labelled SOASUE TOOPU.
  1185 | D:1      | Identified a scroll of acquirement
  1185 | D:1      | 1185 ||| ACQUIRING ring of protection from cold
  1185 | D:1      | Acquired a ring of protection from cold
  1187 | D:1      | 1187 ||| UPGRADING to ring of protection from cold.
  1264 | D:2      | Noticed Sigmund
  1269 | D:2      | Killed Sigmund
  1270 | D:2      | Reached skill level 5 in Axes
  1270 | D:2      | Reached XP level 4. HP: 24/28 MP: 4/4
  1270 | D:2      | Reached XP level 5. HP: 27/32 MP: 5/5
  1321 | D:2      | Identified the amulet "Qeqoept" {Acrobat Contam Will+
                  | Dex+5}
  1326 | D:2      | 1326 ||| Stepping ~*~*~tactically~*~*~ (stealth).
  1473 | D:2      | Found Ywkout's Weapon Shoppe.
  1479 | D:2      | 1479 ||| BUYING +0 broad axe (40 gold).
  1479 | D:2      | Bought a +0 broad axe for 40 gold pieces
  1479 | D:2      | 1479 ||| BUYING +0 whip (25 gold).
  1479 | D:2      | Bought a +0 whip for 25 gold pieces
  1479 | D:2      | 1479 ||| SWAPPING to +0 broad axe.
  1480 | D:2      | 1480 ||| DROPPING +0 club.
  1481 | D:2      | 1481 ||| DROPPING +0 war axe.
  1731 | D:2      | 1731 ||| Stepping ~*~*~tactically~*~*~ (stealth).
  1734 | D:2      | 1734 ||| Stepping ~*~*~tactically~*~*~ (stealth).
  1884 | D:2      | Noticed Terence
  1897 | D:2      | Killed Terence
  1898 | D:2      | Reached XP level 6. HP: 13/38 MP: 6/6
  2106 | D:2      | 2106 ||| DROPPING +0 whip.
  2344 | D:2      | 2344 ||| Stepping ~*~*~tactically~*~*~ (stealth).
  2348 | D:2      | 2348 ||| Stepping ~*~*~tactically~*~*~ (stealth).
  2453 | D:2      | Noticed Natasha
  2463 | D:2      | Killed Natasha
  2824 | D:2      | Reached skill level 1 in Dodging
  2832 | D:2      | 2832 ||| UPGRADING to +0 pair of gloves.
  2837 | D:2      | 2837 ||| UPGRADING to +0 chain mail.
  2847 | D:2      | 2847 ||| DROPPING +0 scale mail.
  2848 | D:2      | 2848 ||| UPGRADING to amulet "Qeqoept" {Acrobat Contam
                  | Will+ Dex+5}.
  2853 | D:2      | 2853 ||| DROPPING amulet of guardian spirit.
  2854 | D:2      | 2854 ||| UPGRADING to ring of see invisible.
  2855 | D:2      | 2855 ||| READING scroll labelled TEFI OTOANK.
  2856 | D:2      | 2856 ||| READING 2 scrolls labelled ACKETAPNIA.
  2857 | D:2      | 2857 ||| DRINKING 3 grey potions.
  2858 | D:2      | 2858 ||| DROPPING scroll of immolation.
  3071 | D:3      | 3071 ||| Stepping ~*~*~tactically~*~*~ (stealth).
  3072 | D:3      | 3072 ||| Stepping ~*~*~tactically~*~*~ (stealth).
  3074 | D:3      | 3074 ||| Stepping ~*~*~tactically~*~*~ (stealth).
  3076 | D:3      | 3076 ||| Stepping ~*~*~tactically~*~*~ (stealth).
  3145 | D:3      | Found a faded altar of an unknown god.
  3436 | D:3      | Reached skill level 1 in Throwing
  3620 | D:3      | 3620 ||| DRINKING 2 fuming inky potions.
  3725 | D:3      | 3725 ||| DRINKING 2 fizzy yellow potions.
  3726 | D:3      | 3726 ||| DROPPING potion of berserk rage.
  3727 | D:3      | 3727 ||| DROPPING potion of degeneration.
  3854 | D:4      | 3854 ||| Stepping ~*~*~tactically~*~*~ (stealth).
  3868 | D:4      | Found a staircase to the Ecumenical Temple.
  3869 | D:4      | 3869 ||| PLANNING TEMPLE
  3877 | Temple   | Entered the Ecumenical Temple
  4080 | Temple   | 4080 ||| PLANNING D:1-11
  4111 | D:4      | Reached skill level 6 in Axes
  4111 | D:4      | Reached XP level 7. HP: 33/43 MP: 7/7
  4393 | D:4      | Found a bloodstained altar of Trog.
  4437 | D:4      | Found a glowing silver altar of Zin.
  4462 | D:4      | Found a runed translucent gate.
  4462 | D:4      | Found a runed translucent gate.
  4462 | D:4      | Found a runed translucent gate.
  4537 | D:4      | Noticed qw's ghost (novice GrFi)
  4554 | D:4      | Noticed Edmund
  4567 | D:4      | HP: 5/43 [Edmund/+4 flail of protection (9)]
  4570 | D:4      | HP: 2/43 [Edmund/+4 flail of protection (3)]
  4571 | D:4      | Slain by Edmund

Levels and vault maps discovered:
D:1:      lemuel_arrival_muddy, layout_loops_ring, serial_bayou_lagoon_a,
          corexii_item_surrounded_by_moat
D:2:      layout_basic, serial_shops, shop, nicolae_hexahallways,
          minmay_ruptured, uniq_terence, uniq_natasha, uniq_sigmund
D:3:      layout_loops_cross, hellmonk_ecumenical_altar_heavens_door,
          roderic_batcave
D:4:      minmay_goblin_kobold_castle, layout_cave_pools,
          mainiacjoe_overflow_swirl, minmay_temple_entry_junction,
          ebering_ghost_rock_garden, hangedman_abyss_or_decor_lesser_grid,
          uniq_edmund
Temple:   nicolae_temple_figure_eight

Skill      XL: |  1  2  3  4  5  6 |
---------------+-------------------+-----
Axes           | 2 3 5 6 |  6.4
Fighting       | 4 |  4.1
Dodging        | 1 |  1.0
Throwing       | 1 |  1.5
Armour         | |  3.2
Shields        | |  3.2

Action                   |  1- 3 |  4- 6 |  7- 9 || total
-------------------------+-------+-------+-------++-------
Melee: War axe           |    82 |    10 |       ||    92
       Broad axe         |       |   140 |    33 ||   173
Throw: Boomerang         |       |    22 |     2 ||    24
  Use: Scroll            |     5 |     2 |       ||     7
       Potion            |       |     3 |       ||     3
Armor: Scale mail        |    43 |    46 |       ||    89
       Chain mail        |       |    54 |    23 ||    77
Dodge: Dodged            |    44 |    82 |    18 ||   144
Block: Buckler           |    15 |    29 |    14 ||    58

Table legend:
 A = Non-vault XP
 B = Vault XP
 C = Vault XP percentage of total XP
 D = Non-vault monster count
 E = Vault monster count
 F = Vault count percentage of total count
                 A         B        C        D         E       F
            +---------+---------+-------+---------+---------+-------
      Total |     404 |     395 |  49.4 |      79 |      20 |  20.2
            +---------+---------+-------+---------+---------+-------
        D:1 |      54 |       0 |   0.0 |      30 |       0 |   0.0
        D:2 |      46 |     305 |  86.9 |      17 |       5 |  22.7
        D:3 |      48 |      68 |  58.6 |      15 |       8 |  34.8
        D:4 |     256 |      22 |   7.9 |      17 |       7 |  29.2
            +---------+---------+-------+---------+---------+-------
